[Event "Late-Titled-Tuesday-Blitz-September-05-2023"]
[Site "Chess.com"]
[Date "2023.09.05"]
[Round "1"]
[White "Rinqed222"]
[Black "IamSchrodingersCat"]
[Result "0-1"]
[WhiteElo "2220"]
[BlackElo "2548"]
[TimeControl "180+1"]
[EndTime "14:07:00 PDT"]
[Termination "IamSchrodingersCat won on time"]

1. e4 c5 2. Nc3 a6 3. g3 b5 4. Bg2 Bb7 5. Nge2 b4 6. Nd5 e6 7. Ne3 Nf6 8. d3 d5 9. e5 Nfd7 10. f4 Be7 11. d4 O-O 12. c3 a5 13. O-O Ba6 14. f5 Qb6 15. Bxd5 exd5 16. Nxd5 Qd8 17. f6 gxf6 18. Bh6 Kh8 19. Bxf8 Bxf8 20. exf6 cxd4 21.
Nxd4 Bxf1 22. Qxf1 Ne5 23. Nf4 bxc3 24. bxc3 Nbc6 25.
Rd1 Qxf6 26. Qb5 Nxd4 27. cxd4 Nf3+ 28. Kg2 Nxd4 29. Qd5 Rd8 30. Qxa5 Be7 31. Nd5 Qf3+ 32.
Kh3 Qxd5 0-1

[Event "Late-Titled-Tuesday-Blitz-September-05-2023"]
[Site "Chess.com"]
[Date "2023.09.05"]
[Round "1"]
[White "AndreiITrifan"]
[Black "Dzidzik2203"]
[Result "0-1"]
[WhiteElo "2618"]
[BlackElo "2345"]
[TimeControl "180+1"]
[EndTime "14:07:02 PDT"]
[Termination "Dzidzik2203 won on time"]

1. Nf3 Nf6 2. b3 d5 3. e3 Bg4 4. Be2 Nbd7 5. Bb2 e6 6. d4 Bd6 7. Nbd2 O-O 8. O-O c6 9. h3 Bh5 10. c4 Qb8 11. Qc2 Re8 12. Rfe1 Bb4 13. a3 Bxd2 14.
Nxd2 Bxe2 15. Rxe2 e5 16. dxe5 Nxe5 17. e4 Nh5 18.
exd5 Nf4 19. Re4 Ned3 20. dxc6 bxc6 21. Rxe8+ Qxe8 22. Nf3 Qe4 23. Be5 Nxh3+ 24. gxh3 Qxf3 25. Bg3 Re8 26. Qd2 h5 27. Rd1 h4 28. Bh2 Qxh3 29.
Qg5 Ne1 0-1

[Event "Late-Titled-Tuesday-Blitz-September-05-2023"]
[Site "Chess.com"]
[Date "2023.09.05"]
[Round "1"]
[White "NeverW84M8"]
[Black "imdarealist"]
[Result "1-0"]
[WhiteElo "2629"]
[BlackElo "2316"]
[TimeControl "180+1"]
[EndTime "14:07:02 PDT"]
[Termination "NeverW84M8 won by resignation"]

1. d4 d5 2. c4 e6 3. Nc3 Nf6 4. cxd5 exd5 5. Bg5 c6 6. e3 Qb6 7. Qb3 Ne4 8. Nxe4 dxe4 9. Qxb6 axb6 10. Bc4 b5 11. Bb3 Be7 12. Bf4 Bb4+ 13. Kd1 Nd7 14.
Ne2 Nb6 15. Nc3 f5 16. Kc2 Nc4 17. f3 exf3 18. gxf3 Be6 19. Rad1 O-O 20. d5 Bf7 21. dxc6 bxc6 22. a3 Bc5 23. Bxc4 Bxc4 24. Bd6 Bxd6 25. Rxd6 Rac8 26. Rhd1 Rf7 27. Rd8+ Rf8 28. Rxc8 Rxc8 29. Rd7 Kf8 30. e4 Be6 31. Ra7 Rd8 32. Rc7 Rc8 33.
Rxc8+ Bxc8 34. Kd3 Ke7 35. Kd4 Kd6 36. e5+ Kc7 37.
Kc5 g5 38. Ne2 Be6 39. Nd4 Bd5 40. Nxb5+ Kd7 41. Nd4 h5 42. b4 g4 43. fxg4 fxg4 44. b5 h4 45. bxc6+ Kc7 46. Kxd5 g3 47. hxg3 h3 48.
Nf3 h2 49. Nxh2 1-0

[Event "Late-Titled-Tuesday-Blitz-September-05-2023"]
[Site "Chess.com"]
[Date "2023.09.05"]
[Round "1"]
[White "jup1978"]
[Black "IMSlavin"]
[Result "1-0"]
[WhiteElo "2532"]
[BlackElo "2146"]
[TimeControl "180+1"]
[EndTime "14:07:02 PDT"]
[Termination "jup1978 won by resignation"]

1. e4 Nc6 2. Nf3 d6 3. d4 Nf6 4. Bd3 Bg4 5. c3 e5 6. d5 Ne7 7. Nbd2 Ng6 8. h3 Nf4 9. Bf1 Bd7 10. g3 Ng6 11. h4 Be7 12. h5 Nf8 13. h6 g6 14. Qb3 Qc8 15. Bd3 Bg4 16. a4 a6 17.
a5 N8d7 18. Qc2 O-O 19. O-O c6 20. dxc6 bxc6 21. Nh2 Bh3 22. Re1 Ng4 23. Bf1 Bxf1 24.
Ndxf1 Nxh2 25. Nxh2 Qd8 26. Be3 Rb8 27. b4 Bg5 28.
Qd2 Bxe3 29. Qxe3 Nf6 30. Rad1 Re8 31. Rd2 Qc7 32. Qg5 Re6 33. Ng4 Nxg4 34. Qxg4 c5 35. Qe2 cxb4 36. cxb4 Rxb4 37. Qxa6 f5 38. exf5 gxf5 39.
Red1 Rxh6 40. Rxd6 Rxd6 41. Rxd6 Rb1+ 42. Kh2 Kg7 43. Qd3 Rb8 44. Rd7+ Qxd7 45. Qxd7+ Kg6 46. Qd6+ 1-0

[Event "Late-Titled-Tuesday-Blitz-September-05-2023"]
[Site "Chess.com"]
[Date "2023.09.05"]
[Round "1"]
[White "chessS1r"]
[Black "PapaieDudu"]
[Result "1-0"]
[WhiteElo "2590"]
[BlackElo "2294"]
[TimeControl "180+1"]
[EndTime "14:07:03 PDT"]
[Termination "chessS1r won on time"]

1. d4 d5 2. c4 e6 3. Nc3 Nf6 4. e3 a6 5. b3 Be7 6. Bb2 O-O 7. Nf3 b6 8. Bd3 Bb7 9. Qc2 Nbd7 10. O-O Rc8 11. e4 dxe4 12. Nxe4 c5 13. Rad1 Qe8 14. Rfe1 h6 15. d5 exd5 16. Nxf6+ Nxf6 17. Bxf6 gxf6 18. Nh4 dxc4 19. Bxc4 Kh8 20. Qd2 Kh7 21. Bd3+ f5 22.
Nxf5 Bg5 23. Nd6+ f5 24. Qc2 Qc6 25. Bxf5+ Kg7 26. Be4 Qc7 27. Qc3+ Bf6 28. Qg3+ Kh8 29. Nxb7 1-0

[Event "Late-Titled-Tuesday-Blitz-September-05-2023"]
[Site "Chess.com"]
[Date "2023.09.05"]
[Round "1"]
[White "SilverCityIndigo"]
[Black "slidingknight2775"]
[Result "0-1"]
[WhiteElo "2289"]
[BlackElo "2581"]
[TimeControl "180+1"]
[EndTime "14:07:03 PDT"]
[Termination "slidingknight2775 won by checkmate"]

1. d4 Nf6 2. c4 e6 3. Nc3 Bb4 4. e3 O-O 5. Bd3 d5 6. Ne2 dxc4 7. Bxc4 c5 8. O-O cxd4 9. Nxd4 Nbd7 10. Qb3 Be7 11.
a4 Nc5 12. Qa2 a6 13. Rd1 Qc7 14. h3 b6 15. b4 Nce4 16. Nxe4 Nxe4 17. Bb2 Bb7 18.
Bxe6 Bxb4 19. Nf5 Nc3 20. Rac1 fxe6 21. Qxe6+ Qf7 22. Qxb6 Qxf5 23. Qxb7 Qxf2+ 24. Kh1 Qxb2 25. Rd7 Ne2 26. Rc2 Rf1+ 27. Kh2 Qe5+ 28. g3 Qxg3# 0-1

[Event "Late-Titled-Tuesday-Blitz-September-05-2023"]
[Site "Chess.com"]
[Date "2023.09.05"]
[Round "1"]
[White "Emp3rador"]
[Black "jefferyx"]
[Result "1/2-1/2"]
[WhiteElo "2501"]
[BlackElo "3028"]
[TimeControl "180+1"]
[EndTime "14:07:04 PDT"]
[Termination "Game drawn by repetition"]

1. e4 c5 2. Nf3 e6 3. d4 cxd4 4. Nxd4 Nc6 5. Nc3 a6 6. Be3 Nf6 7. Qf3 Bb4 8. O-O-O Bxc3 9. bxc3 Qa5 10. Kb2 d5 11.
Nb3 Qc7 12. exd5 Nxd5 13. Bc5 b6 14. Ba3 Bb7 15. c4 Nde7 16. Bd6 Qc8 17. Bd3 O-O 18. Be4 Re8 19. Rhe1 Nd8 20. Bxe7 Rxe7 21. Rxd8+ Qxd8 22. Bxb7 Ra7 23. Rd1 Qb8 24. Be4 Rac7 25. Bd3 Rc8 26. g3 Qe5+ 27. Kb1 a5 28. Qe4 Qh5 29. g4 Qh4 30. f4 a4 31. Nd4 g6 32.
Nb5 Rd7 33. g5 Qxh2 34. a3 Qf2 35. Rh1 Rcd8 36. Qe1 Qxe1+ 37. Rxe1 Kg7 38. Kb2 h6 39. Nc3 hxg5 40. fxg5 Rh8 41. Nxa4 Rh2 42. Kb3 Rd4 43. Nc3 Rg2 44. Ne4 Kf8 45. Kc3 Rd8 46. Rb1 Ra8 47.
Rxb6 Rxa3+ 48. Kd4 Ra7 49. Rb8+ Ke7 50. Nf6 Rxg5 51.
Ng8+ Kd6 52. c5+ Rxc5 53. Rd8+ Kc7 54. Rf8 Kb6 55. Rb8+ Kc7 56. Rf8 Kb6 57. Rb8+ Kc7 58. Rf8 1/2-1/2

[Event "Late-Titled-Tuesday-Blitz-September-05-2023"]
[Site "Chess.com"]
[Date "2023.09.05"]
[Round "1"]
[White "schachlana"]
[Black "Keaton87"]
[Result "1-0"]
[WhiteElo "2382"]
[BlackElo "2639"]
[TimeControl "180+1"]
[EndTime "14:07:05 PDT"]
[Termination "schachlana won on time"]

1. Nf3 Nf6 2. g3 g6 3. d4 Bg7 4. c4 O-O 5. Bg2 d5 6. cxd5 Nxd5 7. e4 Nb6 8. O-O Nc6 9. Be3 Bg4 10. e5 Nd5 11. Nc3 Nxe3 12. fxe3 Bh6 13. Qe2 f6 14. exf6 exf6 15. h3 Bd7 16. Rae1 Kh8 17. e4 Ne7 18. e5 Nf5 19. Kh2 Ne3 20. Rg1 fxe5 21. Nxe5 Be6 22. d5 Bf5 23. Bf3 Qd6 24. Nc4 Nxc4 25.
Qxc4 Rae8 26. Bg2 a6 27. Ne4 Bxe4 28. Rxe4 Rxe4 29. Qxe4 Bg7 30. Re1 Bxb2 31. Qe6 Qxe6 32. dxe6 Re8 33. Bxb7 a5 34. Bc6 Re7 35. Bd7 Kg7 36.
Re2 Ba3 37. Re5 Bb4 38. a3 Bd2 39. Rc5 Be3 40. Rxa5 1-0

[Event "Late-Titled-Tuesday-Blitz-September-05-2023"]
[Site "Chess.com"]
[Date "2023.09.05"]
[Round "1"]
[White "SamCopeland"]
[Black "The_Machine04"]
[Result "0-1"]
[WhiteElo "2310"]
[BlackElo "2605"]
[TimeControl "180+1"]
[EndTime "14:07:05 PDT"]
[Termination "The_Machine04 won on time"]

1. e4 d6 2. d4 Nf6 3. Nc3 e5 4. Nf3 Nbd7 5. Rg1 c6 6. g4 h6 7. h4 exd4 8. Qxd4 Qb6 9. g5 hxg5 10. hxg5 Ne5 11. Qd1 Nfg4 12. Qe2 Nxf3+ 13. Qxf3 Ne5 14.
Qe3 Rh2 15. Qxb6 axb6 16. Be2 b5 17. Bf4 Rh4 18. Bg3 Rh8 19. Nd1 Be6 20. a3 Bc4 21.
Ne3 Bxe2 22. Kxe2 g6 23. Bxe5 dxe5 24. Ng4 Bg7 25. Rad1 Ke7 26. Rg3 Rh4 27. f3 Rah8 28.
Rg2 R8h5 29. Ne3 Rh2 30. Kf2 Rxg2+ 31. Kxg2 Rxg5+ 32. Kf2 Rh5 33. Kg3 Bh6 34. Ng4 Bf4+ 35. Kg2 f5 36. exf5 gxf5 37. Nf2 Rh2+ 38. Kg1 Rh4 39. Nd3 Ke6 40. Nxf4+ Rxf4 41. Kg2 Rd4 42. Re1 Rd2+ 0-1

[Event "Late-Titled-Tuesday-Blitz-September-05-2023"]
[Site "Chess.com"]
[Date "2023.09.05"]
[Round "1"]
[White "FairChess_on_YouTube"]
[Black "maksimys18"]
[Result "1-0"]
[WhiteElo "3054"]
[BlackElo "2496"]
[TimeControl "180+1"]
[EndTime "14:07:06 PDT"]
[Termination "FairChess_on_YouTube won on time"]

1. d4 e6 2. Nf3 d5 3. c4 Nf6 4. Bg5 Be7 5. e3 O-O 6. Qc2 h6 7. Bxf6 Bxf6 8. h4 c5 9. g4 Be7 10. g5 h5 11. Nc3 Nc6 12. O-O-O cxd4 13. exd4 Bd7 14. Kb1 Rc8 15. Be2 dxc4 16. Ne5 Nb4 17. Qe4 Nd5 18. Bxh5 Nxc3+ 19. bxc3 Ba3 20. Ka1 Bc6 21. Qf4 f5 22. Rh3 Be4 23. Bg6 Qb6 24. Qd2 Bd6 25. Nd7 Qc7 26. Nxf8 Rxf8 27. Qe2 Bf4 28.
Qh5 Rd8 29. Qh7+ Kf8 30. Qh8+ Ke7 31. Qxg7+ Kd6 32. Qxc7+ Kxc7 33. Bf7 e5 34. g6 exd4 35. Rxd4 Be5 36. Rxd8 Kxd8 37. h5 Bd3 38. Kb2 b5 39. a3 a5 40. h6 b4 41. g7 bxc3+ 42. Ka2 c2 43. g8=Q+ Kc7 44. Rh1 c3 45. Kb3 a4+ 46. Kxa4 Kb6 47. Bc4 Bxc4 48. Qxc4 c1=Q 49. Rxc1 1-0

[Event "Late-Titled-Tuesday-Blitz-September-05-2023"]
[Site "Chess.com"]
[Date "2023.09.05"]
[Round "1"]
[White "Iball95"]
[Black "MusicCityMaster"]
[Result "1/2-1/2"]
[WhiteElo "2826"]
[BlackElo "2447"]
[TimeControl "180+1"]
[EndTime "14:07:07 PDT"]
[Termination "Game drawn by repetition"]

1. e4 c5 2. Nf3 d6 3. Nc3 Nf6 4. d4 cxd4 5. Qxd4 a6 6. e5 Nc6 7. Qa4 dxe5 8. Nxe5 Bd7 9. Nxd7 Qxd7 10. Be3 e6 11.
Rd1 Qc7 12. g3 Be7 13. Bg2 Rc8 14. O-O O-O 15. Qf4 Qa5 16. Rd2 h6 17. Rfd1 Rfe8 18. Qa4 Qh5 19. h3 Red8 20. Rxd8+ Rxd8 21. Rxd8+ Nxd8 22. g4 Qe5 23. Qd4 Qc7 24. Qb6 Qd7 25. Qd4 Qxd4 26. Bxd4 Nc6 27. Be3 Bb4 28. Ne4 Nd5 29. Bc1 Nd4 30.
Kf1 Nxc2 31. a3 Be7 32. Ke2 Nd4+ 33. Kd3 Nb3 34. Be3 Nxe3 35. Kxe3 b5 36. Kd3 Nc5+ 37.
Nxc5 Bxc5 38. f4 b4 39. axb4 Bxb4 40. Ke4 a5 41. f5 Kf8 42. Bf1 Ke7 43. b3 Kd6 44.
fxe6 Kxe6 45. Bc4+ Kf6 46. h4 g6 47. h5 gxh5 48. gxh5 Be1 49. Bd5 Bd2 50. Bc4 Bb4 51.
Bd5 Be1 52. Bc4 Bb4 53. Bd5 Ke7 54. Kf5 f6 55. Kg6 Bd2 56. Kf5 Bg5 57. Bc4 Kd6 58. Bb5 Kc5 59. Ba4 Kb4 60. Kg4 Kc3 61. Kf5 Kd4 62.
Bb5 Kc3 63. Ba4 Kd4 64. Bb5 Kc3 65. Ba4 1/2-1/2

[Event "Late-Titled-Tuesday-Blitz-September-05-2023"]
[Site "Chess.com"]
[Date "2023.09.05"]
[Round "1"]
[White "nitpicker"]
[Black "Russian_berezka"]
[Result "0-1"]
[WhiteElo "2280"]
[BlackElo "2578"]
[TimeControl "180+1"]
[EndTime "14:07:08 PDT"]
[Termination "Russian_berezka won by checkmate"]

1. d4 g6 2. e4 Bg7 3. Nc3 d6 4.
h3 c5 5. Be3 cxd4 6. Bxd4 Nf6 7. Bb5+ Bd7 8. Qe2 O-O 9. Nf3 Nc6 10. Be3 a6 11. Bd3 Nb4 12. O-O Nxd3 13. cxd3 Rc8 14. d4 e6 15. Rfd1 Qe7 16. Bg5 h6 17. Bh4 g5 18. Bg3 Nh5 19. Bh2 b5 20. a3 Nf4 21.
Bxf4 gxf4 22. e5 Bc6 23. Ne4 dxe5 24. dxe5 Rfd8 25. Nd6 Rc7 26. Ne4 Rcd7 27. Rxd7 Rxd7 28. Rc1 Bd5 29. Rc8+ Rd8 30. Rxd8+ Qxd8 31. Qd2 Qa8 32. Nc5 Bxf3 33. gxf3 Qxf3 34. Qd8+ Kh7 35. Nd7 Qxh3 36. Nf6+ Kg6 37. Ne8 f3 38. Nxg7 Qg2# 0-1

[Event "Late-Titled-Tuesday-Blitz-September-05-2023"]
[Site "Chess.com"]
[Date "2023.09.05"]
[Round "1"]
[White "Valio_M1948"]
[Black "canary2016"]
[Result "1-0"]
[WhiteElo "2516"]
[BlackElo "2027"]
[TimeControl "180+1"]
[EndTime "14:07:09 PDT"]
[Termination "Valio_M1948 won on time"]

1. d4 d5 2. Nf3 e6 3. e3 c5 4.
Bd3 Nc6 5. O-O Nf6 6. b3 Bd6 7.
Bb2 O-O 8. Ne5 Qc7 9. f4 b6 10. a3 Bb7 11. Nd2 Rac8 12. Qf3 Qe7 13. Qh3 Rfd8 14.
g4 g6 15. g5 Nd7 16. Qg4 Qe8 17. h4 Bf8 18. h5 cxd4 19. exd4 Ndxe5 20. fxe5 Ne7 21.
hxg6 Nxg6 22. Rf2 Bg7 23. Nf1 Bc6 24. Ng3 Bb5 25. Bxb5 Qxb5 26. Raf1 Rc7 27. Nh5 Rdc8 28. Qg2 Qc6 29. Nf6+ Bxf6 30. gxf6 Qb5 31. Qg5 Rxc2 32. Qh6 1-0

[Event "Late-Titled-Tuesday-Blitz-September-05-2023"]
[Site "Chess.com"]
[Date "2023.09.05"]
[Round "1"]
[White "sofaceindisguise"]
[Black "EsmeraldasAnderson03"]
[Result "1-0"]
[WhiteElo "2730"]
[BlackElo "2404"]
[TimeControl "180+1"]
[EndTime "14:07:11 PDT"]
[Termination "sofaceindisguise won by checkmate"]

1. Nf3 d5 2. c4 d4 3. b4 a5 4.
Bb2 axb4 5. Bxd4 b6 6. e3 c5 7.
Bb2 Bb7 8. d4 e6 9. Bd3 Nf6 10.
O-O Be7 11. a3 Nc6 12. Qe2 O-O 13. Rd1 Qc7 14. Nbd2 Rfd8 15. axb4 Nxb4 16. Rxa8 Bxa8 17. Bb1 h6 18. Nf1 Ne4 19. Ng3 Nxg3 20. hxg3 Bf6 21. Bc3 Nc6 22. Qb2 cxd4 23. exd4 Na5 24. Qc2 Qxc4 25.
Qh7+ Kf8 26. Be1 Nc6 27. Bd3 Qd5 28. Be4 Qd6 29. d5 Ne5 30. Rb1 Nxf3+ 31. gxf3 Ke8 32. Bb4 Qe5 33. Qg8+ Kd7 34. Qxf7+ Kc8 35. Rc1+ Kb8 36.
d6 Bxe4 37. Qc7+ Ka8 38. fxe4 Qxe4 39. Bc3 Qg6 40. Ra1# 1-0

[Event "Late-Titled-Tuesday-Blitz-September-05-2023"]
[Site "Chess.com"]
[Date "2023.09.05"]
[Round "1"]
[White "Zhigalko_Sergei"]
[Black "jlf287"]
[Result "1-0"]
[WhiteElo "2881"]
[BlackElo "2458"]
[TimeControl "180+1"]
[EndTime "14:07:12 PDT"]
[Termination "Zhigalko_Sergei won on time"]

1. e4 e5 2. Nf3 Nc6 3. Bc4 Nf6 4.
d3 Bc5 5. O-O d6 6. c3 a6 7.
Nbd2 Ba7 8. Bb3 O-O 9. h3 h6 10. Re1 Re8 11. Nf1 Be6 12. Be3 d5 13. Bxa7 Rxa7 14.
Ng3 dxe4 15. dxe4 Qxd1 16. Raxd1 Bxb3 17. axb3 g6 18. Nf1 Raa8 19. Ne3 Re6 20. Nd5 Ne8 21. b4 Kg7 22. Nd2 Ne7 23. Nc4 f6 24. Nde3 Nd6 25.
f3 Rd8 26. Na5 b6 27. Nac4 Nf7 28. Ra1 b5 29. Na5 Rd2 30. Rab1 Red6 31. Nb3 Ng5 32. Nxd2 Rxd2 33. Red1 Re2 34. Re1 Rd2 35. Red1 Re2 36. Kf1 Rxe3 37. Kf2 Ne6 38. Kxe3 1-0

[Event "Late-Titled-Tuesday-Blitz-September-05-2023"]
[Site "Chess.com"]
[Date "2023.09.05"]
[Round "1"]
[White "Good_Knight_Kiss"]
[Black "grzechu96"]
[Result "0-1"]
[WhiteElo "2329"]
[BlackElo "2634"]
[TimeControl "180+1"]
[EndTime "14:07:12 PDT"]
[Termination "grzechu96 won by resignation"]

1. e4 c5 2. Nf3 d6 3. d4 cxd4 4. Nxd4 Nf6 5. Nc3 a6 6. h3 e6 7. g4 h6 8. Be3 Nc6 9. Bg2 Be7 10. O-O O-O 11. Qd2 Nxd4 12. Bxd4 e5 13. Be3 Be6 14. Nd5 Bxd5 15. exd5 Nd7 16. Qb4 Qc7 17. c4 Bg5 18. Bxg5 hxg5 19. Rac1 Nc5 20. Qd2 a5 21. Qxg5 Nd3 22.
Rc2 Nf4 23. Rd1 b6 24. Qf5 Qe7 25. g5 g6 26. Qg4 Kg7 27. Rc3 Rh8 28. h4 Rh5 29. Rf3 Rah8 30. Rxf4 exf4 31. Qxf4 Rxh4 32. Qe3 Qxe3 33. fxe3 Rxc4 34. Rd2 Rh5 35. b3 Rc3 36. Kf2 Rxg5 37. Bf3 Re5 38. Ke2 Rexe3+ 0-1

[Event "Late-Titled-Tuesday-Blitz-September-05-2023"]
[Site "Chess.com"]
[Date "2023.09.05"]
[Round "1"]
[White "adiosabu"]
[Black "Sacbutt"]
[Result "1-0"]
[WhiteElo "2569"]
[BlackElo "2262"]
[TimeControl "180+1"]
[EndTime "14:07:13 PDT"]
[Termination "adiosabu won on time"]

1. d4 e5 2. d5 Bc5 3. Nc3 a6 4. Nf3 d6 5. e4 Ne7 6. Bd3 O-O 7.
Bg5 f6 8. Be3 Bxe3 9. fxe3 f5 10. exf5 Bxf5 11. O-O Bxd3 12. cxd3 Nf5 13. Qe2 Nd7 14.
Rac1 c5 15. dxc6 bxc6 16. d4 Qa5 17. Qc4+ Kh8 18. Qxc6 Nf6 19. dxe5 dxe5 20. e4 Nd4 21. Qc4 Rac8 22. Qd3 Rfd8 23. Qe3 Qb6 24. Kh1 Qxb2 25. Nxe5 Qb7 26. Nd5 Rxc1 27. Rxc1 Nxd5 28. Qxd4 Rc8 29.
Rxc8+ Qxc8 30. exd5 Qc1+ 31. Qg1 Qd2 32. d6 Kg8 33. d7 Kf8 34. h3 Ke7 35. Qc5+ Kf6 36.
Qf8+ Kxe5 37. d8=Q 1-0

[Event "Late-Titled-Tuesday-Blitz-September-05-2023"]
[Site "Chess.com"]
[Date "2023.09.05"]
[Round "1"]
[White "DawidCzerw"]
[Black "BillieKimbah"]
[Result "0-1"]
[WhiteElo "2495"]
[BlackElo "3043"]
[TimeControl "180+1"]
[EndTime "14:07:14 PDT"]
[Termination "BillieKimbah won on time"]

1. e4 c5 2. Nf3 e6 3. d4 cxd4 4. Nxd4 Nc6 5. Nc3 Qc7 6. Be3 a6 7. Qd2 Nf6 8. O-O-O Be7 9. f4 d6 10. Be2 h5 11. Rhe1 Bd7 12. Kb1 Rc8 13. g3 O-O 14. g4 hxg4 15. h3 gxh3 16. Rh1 Nxd4 17. Bxd4 e5 18. Be3 exf4 19. Bxf4 b5 20. Rdg1 b4 21. Nd5 Nxd5 22. exd5 Bf6 23. Bd3 Rfe8 24.
Qh2 Qc5 25. Qg3 Qd4 26. Bc1 a5 27. Rf1 Be5 28. Qf3 Re7 29. Qh5 g6 30. Qh6 a4 31. Rhg1 Bg7 32. Qg5 Rce8 33. Rf4 Qe5 34. Qh4 a3 35. Rg5 Qe1 36. Qxe1 Rxe1 37. Rf1 axb2 38.
Rxe1 Rxe1 0-1

[Event "Late-Titled-Tuesday-Blitz-September-05-2023"]
[Site "Chess.com"]
[Date "2023.09.05"]
[Round "1"]
[White "Marcin"]
[Black "Cayse"]
[Result "1-0"]
[WhiteElo "2476"]
[BlackElo "2871"]
[TimeControl "180+1"]
[EndTime "14:07:16 PDT"]
[Termination "Marcin won by resignation"]

1. e4 e5 2. Nf3 Nc6 3. d4 exd4 4. Nxd4 Nf6 5. Nc3 Bb4 6. Nxc6 bxc6 7. Bd3 O-O 8. O-O d5 9. Bd2 Rb8 10. Re1 Re8 11.
a3 Bc5 12. h3 h6 13. Qf3 Be6 14. e5 Nh7 15. Na4 Bf8 16. b4 Qh4 17. Be3 d4 18. Bf4 Ng5 19. Qg3 Qxg3 20. Bxg3 Bd5 21. f4 Nh7 22. Bf2 Rbd8 23. Rad1 g5 24. g3 Bf3 25. Rd2 Kh8 26. f5 Rd5 27. Bc4 Rd7 28. Rxd4 Red8 29. Rxd7 Rxd7 30. e6 fxe6 31. fxe6 Re7 32. Bd4+ Bg7 33.
Bc5 Re8 34. e7 Bf6 35. Bf7 1-0

[Event "Late-Titled-Tuesday-Blitz-September-05-2023"]
[Site "Chess.com"]
[Date "2023.09.05"]
[Round "1"]
[White "IlanSchnaider"]
[Black "Cmorales2001"]
[Result "1/2-1/2"]
[WhiteElo "2766"]
[BlackElo "2423"]
[TimeControl "180+1"]
[EndTime "14:07:16 PDT"]
[Termination "Game drawn by repetition"]

1. e4 c6 2. d4 d5 3. e5 Bf5 4. h4 h5 5. Bd3 Bxd3 6. Qxd3 e6 7. Nf3 Qa5+ 8. Bd2 Qa6 9. Qe3 Ne7 10. a4 Nf5 11. Qf4 c5 12. Nc3 Nc6 13. Nb5 Qb6 14. O-O cxd4 15. c3 dxc3 16. Nxc3 Qb4 17. Nxd5 Qxf4 18.
Nxf4 Be7 19. g3 g6 20. Rfd1 Rd8 21. a5 a6 22. Rab1 O-O 23. b4 Ncd4 24. Kg2 Nb5 25.
Rbc1 Rd7 26. Ne2 Rfd8 27. Rb1 Rc8 28. Rbc1 Rcd8 29. Rb1 Kg7 30. Kf1 Rd3 31. Kg2 Na3 32. Rbc1 Nb5 33. Rb1 Rc8 34. Bh6+ Kxh6 35. Rxd3 Rc7 36.
Rbd1 Bxb4 37. Rd7 Bxa5 38. Rxc7 Bxc7 39. Rd7 a5 40. Rxf7 a4 41. Ng5 Ng7 42. Nf4 Bxe5 43. Nfxe6 a3 44. Nxg7 Bxg7 45. Rxb7 a2 46. Nf7+ Kh7 47.
Ng5+ Kg8 48. Rb8+ Bf8 49. Ra8 Na3 50. Ne6 a1=Q 51. Rxf8+ Kh7 52. Rf7+ Kg8 53. Rf8+ Kh7 54. Rf7+ Kg8 55. Rf8+ 1/2-1/2

[Event "Late-Titled-Tuesday-Blitz-September-05-2023"]
[Site "Chess.com"]
[Date "2023.09.05"]
[Round "1"]
[White "MariaFominykh"]
[Black "Leo_C"]
[Result "0-1"]
[WhiteElo "2297"]
[BlackElo "2603"]
[TimeControl "180+1"]
[EndTime "14:07:16 PDT"]
[Termination "Leo_C won on time"]

1. d4 Nf6 2. c4 e6 3. Nf3 d5 4. Nc3 Bb4 5. cxd5 exd5 6. Bg5 h6 7. Bxf6 Qxf6 8. Qa4+ Nc6 9. Ne5 O-O 10. Nxc6 Bxc3+ 11. bxc3 bxc6 12. e3 Qg6 13. f3 Rb8 14. Qa3 Re8 15.
Kf2 Qc2+ 16. Be2 Rb2 17. Rhe1 Qd2 18. c4 dxc4 19. Rad1 Qb4 20. Qxb4 Rxb4 21. Rc1 Be6 22. Rc2 Reb8 23. Rec1 Rb2 24. e4 Rxc2 25. Rxc2 Rb4 26.
Ke3 Kf8 27. Kd2 Ra4 28. Kc3 Ke7 29. Rb2 Ra3+ 30. Kb4 Ra6 31. Bxc4 Rb6+ 32. Kc3 Rxb2 33. Bxe6 Rxg2 34. Bg4 Rxh2 35. Kb4 h5 36. Bc8 h4 0-1

[Event "Late-Titled-Tuesday-Blitz-September-05-2023"]
[Site "Chess.com"]
[Date "2023.09.05"]
[Round "1"]
[White "sergiochess83"]
[Black "Payyappat"]
[Result "1-0"]
[WhiteElo "2932"]
[BlackElo "2478"]
[TimeControl "180+1"]
[EndTime "14:07:19 PDT"]
[Termination "sergiochess83 won by resignation"]

1. d4 Nf6 2. c4 c5 3. d5 e6 4. Nc3 exd5 5. cxd5 d6 6. Nf3 g6 7. h3 Bg7 8. Bf4 O-O 9. e3 Re8 10. Nd2 Bf5 11. Bb5 Nbd7 12. Bxd6 a6 13. Be2 b5 14.
O-O b4 15. Na4 Nxd5 16. Nc4 Be6 17. Nxc5 Nxc5 18. Bxc5 Qg5 19. Nd6 Bxh3 20. Bf3 Re5 21. Bd4 Rd8 22. Bxe5 Bxe5 23. Bxd5 Rxd6 24. f4 Qg3 25. Qf3 Bxf4 26. exf4 Qh4 27. Qxh3 Qxh3 28. gxh3 Rxd5 29. Rad1 Rc5 30. Rc1 Rd5 31. Rfd1 Rf5 32.
Rc4 a5 33. Rd6 g5 34. fxg5 Rxg5+ 35. Rg4 Rxg4+ 36. hxg4 f5 37. gxf5 1-0

[Event "Late-Titled-Tuesday-Blitz-September-05-2023"]
[Site "Chess.com"]
[Date "2023.09.05"]
[Round "1"]
[White "GMAkobianSTL"]
[Black "RIPOL"]
[Result "1-0"]
[WhiteElo "2736"]
[BlackElo "2407"]
[TimeControl "180+1"]
[EndTime "14:07:19 PDT"]
[Termination "GMAkobianSTL won by resignation"]

1. d4 Nf6 2. c4 e6 3. Nf3 d5 4.
Nc3 Bb4 5. cxd5 exd5 6. Qa4+ Nc6 7. Bg5 h6 8. Bxf6 Qxf6 9. e3 O-O 10. Rc1 Qg6 11.
Qd1 Bg4 12. Be2 Rfe8 13. O-O Bxc3 14. Rxc3 Qd6 15. Qb3 Na5 16. Qa4 Bxf3 17. Bxf3 Nc4 18. Qc2 c6 19. Be2 Nb6 20. Rb1 a5 21. Rb3 Qd8 22.
a3 Re7 23. Qc5 Nc8 24. Rc3 Nd6 25. Rcc1 Ne4 26. Qc2 Qd6 27. Bd3 a4 28. b4 axb3 29.
Rxb3 Rxa3 30. Rxa3 Qxa3 31. Rb1 Qd6 32. h3 g6 33. Rb6 Qd8 34. Rb1 Qd6 35. Ra1 Kg7 36.
Qb2 Qf6 37. Bxe4 Rxe4 38. Qxb7 h5 39. Qc8 Re7 40. Ra8 Kh6 41. Qf8+ Kg5 42. Ra6 Re6 43. Ra7 Kf5 44. Rxf7 1-0

[Event "Late-Titled-Tuesday-Blitz-September-05-2023"]
[Site "Chess.com"]
[Date "2023.09.05"]
[Round "1"]
[White "Bilan_Danila"]
[Black "PawnEatingZombie"]
[Result "1-0"]
[WhiteElo "2522"]
[BlackElo "2081"]
[TimeControl "180+1"]
[EndTime "14:07:19 PDT"]
[Termination "Bilan_Danila won on time"]

1. d4 e6 2. Nf3 f5 3. g3 Nf6 4.
Bg2 Be7 5. O-O d5 6. c4 Nc6 7.
Qc2 Ne4 8. Bf4 Bf6 9. Ne5 Nxd4 10. Qd3 c5 11. cxd5 exd5 12. h4 Be6 13. Nc3 Nxc3 14.
bxc3 Nc6 15. Nxc6 bxc6 16. Rab1 O-O 17. Rb7 c4 18. Qd2 Qa5 19. Rc1 Rae8 20. Bg5 Re7 21.
Rxe7 Bxe7 22. Bxe7 Rf7 23. Bb4 Qa6 24. Bc5 Rb7 25.
Bd4 Qa3 26. Qe3 Bf7 27. Rf1 Qf8 28. Bh3 f4 29. Qxf4 Rb2 30. Qe5 Rxa2 31. Be6 a5 32. Rb1 1-0

[Event "Late-Titled-Tuesday-Blitz-September-05-2023"]
[Site "Chess.com"]
[Date "2023.09.05"]
[Round "1"]
[White "Mops_2004"]
[Black "KarateBaby"]
[Result "1-0"]
[WhiteElo "2834"]
[BlackElo "2438"]
[TimeControl "180+1"]
[EndTime "14:07:20 PDT"]
[Termination "Mops_2004 won by resignation"]

1. g3 g6 2. Bg2 Bg7 3. d4 Nf6 4. Nf3 O-O 5. O-O d6 6. Re1 Nc6 7. d5 Na5 8. e4 c6 9. Nc3 e6 10. dxe6 Bxe6 11. Nd4 Re8 12. Nxe6 Rxe6 13. Bf4 Nc4 14.
Rb1 Nh5 15. Bc1 Qa5 16. Qd3 Ne5 17. Qf1 Rae8 18. Bd2 b5 19. b3 Nd7 20. b4 Qb6 21. a4 a6 22. Bh3 R6e7 23. Bxd7 Rxd7 24. Qd3 Nf6 25. Kg2 h5 26. h3 Qc7 27. Bf4 Kh7 28.
Rbd1 Red8 29. axb5 axb5 30. Bg5 Re8 31. Qf3 Ng8 32.
Rd3 d5 33. Bf4 Qd8 34. e5 Ne7 35. g4 hxg4 36. hxg4 Nc8 37. Rh1+ Kg8 38. Qh3 g5 39. Bg3 Ne7 40. Ne2 Ng6 41. Nd4 Qc8 42. Qh7+ Kf8 43. e6 Rd6 44. Bxd6+ 1-0